Map: Cradle of Death

Players

Semo

  • Race: Zerg Zerg

NamroodTuo

  • Race: Terran Terran
  • Spawn Location: 0:00

VOD

Have the link to the VOD?

Description

Time

  • Played on: Jan. 20, 2023, 1:29 p.m.
  • Length: 23:29
Show
View Real Time Build Order
Export as new Build Order

Semo Zerg 

Build Orders:  

Get SALT Encoding   

  12  0:09  Infested SCV  
  13  0:13  Unknown  
  13  0:19  Infested Refinery  
  13  0:33  Infested Refinery  
  13  0:47  Infested SCV  
  13  0:48  Overlord  
  14  1:09  Infested Barracks  
  14  1:18  Infested SCV  
  15  1:21  Infested SCV  
  16  1:31  Infested Colonist Compound  
  16  1:41  Infested Engineering Bay  
  16  1:55  Infested SCV  
  16  1:56  Infested SCV  
  18  2:01  Infested SCV  
  19  2:14  Infested Barracks Tech Lab  
  19  2:26  Anaerobic Enhancement  
  19  2:38  Overlord  
  19  2:46  Infested SCV  
  20  2:50  Infested SCV  
  20  2:55  Infested SCV  
  22  3:01  Infested SCV  
  23  3:26  Broodling Gestation  
  23  3:29  Overlord  
  23  3:43  Infested Factory  
  23  3:51  Retinal Augmentation  
  23  4:17  Infested Marine  
  23  4:18  Infested Marine x5  
  23  4:19  Infested Marine x2  
  31  4:21  Overlord  
  31  5:07  Infested Armory  
  31  5:08  Regenerative Plating  
  31  5:10  Infestation Level 1  
  31  5:14  Plagued Munitions  
  31  5:21  Infested SCV  
  31  5:26  Infested SCV  
  31  5:28  Infested SCV  
  26  6:02  Infested SCV  
  26  6:04  Overlord  
  26  6:06  Infested SCV  
  28  6:22  Unknown  
  28  6:44  Infested Command Center  
  28  7:31  Calcified Armor  
  28  7:36  Infestation Level 2  
  28  7:42  Infested Refinery  
  28  7:49  Infested Refinery  
  28  8:04  Infested Bunker  
  32  8:31  Stukov Infantry Weapons Level 1  
  32  8:44  Aggressive Incubation  
  32  8:45  Infested SCV x4  
  36  9:09  Infested Bunker  
  40  9:37  Unknown  
  40  9:54  Infested Marine x4  
  40  9:55  Infested Marine x4  
  40  9:56  Infested Marine x6  
  40  9:57  Infested Marine x2  
  56  10:07  Infested Bunker  
  60  10:11  Overlord x2  
  60  10:12  Infested SCV  
  60  10:13  Infested SCV  
  62  10:51  Infested Marine  
  62  10:52  Infested Marine x4  
  62  10:53  Infested Marine x3  
  70  11:09  Infested Bunker  
  69  11:11  Stukov Infantry Armor Level 1  
  50  12:34  Infested Bunker  
  54  12:53  Overlord x3  
  54  12:54  Unknown, Overlord x2  
  54  13:18  Infested Marine  
  54  13:19  Infested Marine x4  
  59  13:21  Infestation Level 3  
  59  13:23  Infested Marine x5  
  59  13:24  Infested Marine x3  
  67  13:33  Infested Bunker  
  71  13:42  Infested Bunker  
  71  13:52  Infested Bunker  
  71  14:10  Stukov Infantry Weapons Level 2  
  66  14:52  Infested Bunker  
  66  14:57  Infested Marine  
  66  14:58  Infested Marine x5  
  66  14:59  Infested Marine x5  
  77  15:00  Infested Marine x5  
  77  15:01  Infested Marine x4  
  86  15:41  Infested Bunker  
  85  15:55  Unknown  
  81  16:17  Infested Marine x5  
  81  16:18  Infested Marine x5  
  81  16:19  Infested Marine x4  
  95  16:20  Infested Marine x2  
  95  16:26  Overlord x4  
  95  16:27  Overlord  
  96  16:34  Infested Bunker  
  87  17:20  Stukov Infantry Armor Level 2  
  87  17:22  Infested Bunker  
  86  17:37  Infested Marine x2  
  86  17:38  Infested Marine x5  
  86  17:39  Infested Marine x5  
  97  17:40  Infested Marine  
  97  17:43  Overseer  
  97  17:44  Overseer  
  102  18:23  Infested Bunker  
  95  18:59  Infested Marine x5  
  99  19:00  Infested Marine x4  
  99  19:01  Infested Marine x5  
  99  19:02  Infested Marine x5  
  99  19:03  Infested Marine  
  112  19:13  Infested Bunker  
  112  19:17  Infested Bunker  
  111  19:21  Unknown  
  111  19:22  Infested Bunker  
Show
View Real Time Build Order
Export as new Build Order

NamroodTuo Terran 

Build Orders:  

Get SALT Encoding   

  12  0:10  SCV  
  12  0:11  Unknown  
  13  0:24  SCV  
  14  0:37  SCV  
  15  0:54  Factory  
  15  1:00  Supply Depot  
  15  1:30  SCV  
  16  1:43  SCV  
  16  1:49  Supply Depot  
  17  1:57  SCV, Hellbat  
  18  2:03  Refinery  
  20  2:10  SCV  
  20  2:15  Refinery  
  21  2:24  SCV, Supply Depot  
  22  2:37  SCV  
  23  2:51  SCV  
  23  2:52  Devastation Turret  
  24  3:05  SCV  
  25  3:18  SCV  
  26  3:22  Perdition Turret  
  26  3:32  SCV  
  26  3:38  Supply Depot  
  27  3:45  SCV  
  28  3:59  SCV  
  29  4:12  SCV  
  30  5:01  Factory Tech Lab  
  30  5:02  Factory  
  30  5:21  Perdition Turret  
  30  5:38  Maelstrom Rounds  
  30  5:39  SCV  
  30  5:45  Devastation Turret  
  31  5:53  SCV  
  32  6:03  Siege Tank  
  32  6:06  SCV  
  36  6:17  Devastation Turret  
  36  6:20  SCV  
  36  6:21  Armory  
  36  6:24  Unknown  
  37  6:39  Siege Tank  
  40  6:47  Devastation Turret  
  40  7:11  SCV  
  40  7:15  Siege Tank  
  44  7:24  Perdition Turret  
  44  7:25  SCV  
  45  7:31  Engineering Bay  
  45  7:38  SCV  
  46  7:48  Devastation Turret  
  46  7:52  SCV  
  46  7:57  Terran Vehicle and Ship Weapons Level 1  
  47  8:14  Supply Depot  
  47  8:16  Devastation Turret  
  47  8:35  Spinning Dizzy  
  47  8:44  SCV, Devastation Turret  
  47  8:45  Supply Depot  
  48  9:13  Perdition Turret  
  48  9:18  Supply Depot  
  48  10:03  Devastation Turret  
  48  10:05  Perdition Turret  
  48  10:23  Perdition Turret  
  48  10:32  Spinning Dizzy  
  48  10:33  Spinning Dizzy  
  48  10:37  Terran Vehicle And Ship Armor Level 1  
  48  10:39  Spinning Dizzy  
  48  10:40  Upgrade Laser Drill Level 1  
  48  10:48  Devastation Turret  
  48  10:52  Spinning Dizzy  
  48  10:54  Siege Tank  
  51  11:01  Factory Tech Lab  
  51  11:09  Perdition Turret  
  48  11:13  Perdition Turret  
  48  11:17  Spinning Dizzy  
  48  11:30  Siege Tank  
  48  11:39  Perdition Turret  
  51  12:03  Devastation Turret  
  51  12:06  Siege Tank  
  51  12:07  Siege Tank  
  57  12:42  Siege Tank  
  57  12:43  Siege Tank  
  57  12:46  Devastation Turret  
  63  12:51  Unknown  
  63  13:08  Siege Tank x6  
  63  13:09  Siege Tank x2  
  63  13:13  Devastation Turret  
  63  13:17  Siege Tank  
  63  13:19  Siege Tank  
  69  13:40  Devastation Turret  
  69  13:49  Terran Vehicle and Ship Weapons Level 2  
  45  14:57  Siege Tank  
  45  14:58  Siege Tank  
  51  15:03  Unknown  
  51  15:11  Supply Depot  
  51  15:33  Siege Tank  
  51  15:34  Siege Tank  
  57  15:42  Supply Depot  
  58  16:22  Thor  
  58  16:23  Thor  
  67  16:59  Terran Vehicle And Ship Armor Level 2  
  67  17:10  Thor  
  67  17:11  Thor  
  70  17:58  Thor  
  73  18:51  Thor  
  73  18:52  Thor  
  85  19:18  Unknown  
  85  20:33  Thor  
  85  20:43  Thor  
  61  21:19  Siege Tank x2  
  55  21:21  Thor  
  61  21:49  Thor  
  67  22:17  Siege Tank  
Tags
 
Commander
StukovSwann
Matchup
Co-op
Replay Pack
Multiplayer
Add a new tag
Caveats
  • Supply blocks, unpowered buildings, or Contaminate may cause inaccurate times.
  • Supply counts are checked every 10 seconds.